 Dungeon Crawl Stone Soup version 0.21-a0-525-ga34b322 (webtiles) character file.

20 Firecrotchwizard the Skirmisher (level 2, -3/32 HPs)
             Began as an Ogre Berserker on Dec 8, 2017.
             Was a Follower of Trog.
             Slain by a leopard gecko (4 damage)
             ... on level 1 of the Dungeon.
             The game lasted 00:01:27 (832 turns).

Firecrotchwizard the Skirmisher (Ogre Berserker)     Turns: 832, Time: 00:01:28

Health: -3/32      AC:  3    Str: 20    XL:     2   Next: 79%
Magic:  2/2        EV: 10    Int:  8    God:    Trog [*.....]
Gold:   23         SH:  0    Dex:  8    Spells: 1/1 levels left

rFire    . . .     SeeInvis .   a - +0 mace
rCold    . . .     Gourm    .   (no shield)
rNeg     . . .     Faith    .   b - +0 animal skin
rPois    .         Spirit   .   (helmet restricted)
rElec    .         Reflect  .   (no cloak)
rCorr    .         Harm     .   (gloves unavailable)
MR       .....                  (boots unavailable)
Stlth    +.........             (no amulet)
HPRegen  0.10/turn              (no ring)
MPRegen  0.08/turn              (no ring)

@: berserk cooldown, slowed, very slow
A: large, unfitting armour, tough skin 1
a: Berserk, Burn Spellbooks, Renounce Religion


You were on level 1 of the Dungeon.
You worshipped Trog.
Trog was aware of your devotion.
You were hungry.

You visited 1 branch of the dungeon, and saw 1 of its levels.

You collected 23 gold pieces.

Inventory:

Hand Weapons
 a - a +0 mace (weapon)
Armour
 b - a +0 animal skin (worn)
Scrolls
 g - a scroll of identify {unknown}
Potions
 d - a potion of curing {unknown}
 e - a potion of ambrosia {unknown}
Comestibles
 c - 2 bread rations {@e1}


   Skills:
 + Level 4.3 Fighting
 * Level 3.1 Maces & Flails
 + Level 0.5 Armour
 + Level 2.9 Dodging


You had one spell level left.
You didn't know any spells.

Dungeon Overview and Level Annotations

Branches:
Dungeon (1/15)

Altars:


Innate Abilities, Weirdness & Mutations

You are too large for most types of armour.
You have tough skin. (AC +1)


Message History

The frilled lizard hisses angrily.
You closely miss the leopard gecko.
The leopard gecko bites you but does no damage.
The jackal bites you.
You take 2 damage, and have 29/32 hp.
You hit the leopard gecko. The leopard gecko bites you.
The leopard gecko barely misses you.
You take 4 damage, and have 25/32 hp.
You miss the leopard gecko.
The jackal bites you but does no damage.
The leopard gecko bites you.
You take 5 damage, and have 20/32 hp.
You hit the leopard gecko but do no damage.
The leopard gecko barely misses you. The leopard gecko closely misses you.
A red film seems to cover your vision as you go berserk!
You feel yourself moving faster!
You feel mighty!
You are feeling hungry.
The leopard gecko closely misses you.
You now have 30/48 hp.
You barely miss the jackal. The jackal bites you. The leopard gecko bites you.
The jackal bites you but does no damage. x2
You take 3 damage, and have 27/48 hp.
You thump the jackal!
You kill the jackal!
Trog accepts your kill.
The leopard gecko bites you but does no damage.
You closely miss the jackal.
The jackal bites you but does no damage.
The leopard gecko bites you.
You take 1 damage, and have 27/48 hp.
You closely miss the jackal. The jackal bites you. x2
The leopard gecko barely misses you.
You take 2 damage, and have 25/48 hp.
You hit the jackal. The jackal bites you.
The jackal bites you but does no damage.
The leopard gecko bites you.
You take 3 damage, and have 22/48 hp.
You closely miss the jackal. The jackal barely misses you.
The jackal bites you but does no damage.
The leopard gecko bites you. The jackal misses you.
You take 1 damage, and have 21/48 hp.
You closely miss the jackal. The jackal bites you.
The leopard gecko barely misses you. The jackal closely misses you.
The jackal bites you.
You take 3 damage, and have 18/48 hp.
You sock the jackal!
You kill the jackal!
Trog accepts your kill. The jackal barely misses you.
The leopard gecko barely misses you.
You thump the jackal!
You kill the jackal!
Trog accepts your kill.
The leopard gecko hisses menacingly.
The leopard gecko bites you but does no damage.
You closely miss the frilled lizard. The leopard gecko barely misses you.
The frilled lizard closely misses you.
You closely miss the frilled lizard. The leopard gecko closely misses you.
The frilled lizard barely misses you.
You miss the frilled lizard. The leopard gecko barely misses you.
You miss the frilled lizard.
The frilled lizard bites you but does no damage.
The leopard gecko bites you.
You take 4 damage, and have 15/48 hp.
You closely miss the leopard gecko. The frilled lizard closely misses you.
The leopard gecko closely misses you.
You barely miss the leopard gecko. The frilled lizard bites you.
* * * LOW HITPOINT WARNING * * *
The leopard gecko bites you.
* * * LOW HITPOINT WARNING * * *
You take 2 damage, and have 13/48 hp.
You miss the leopard gecko.
The leopard gecko completely misses you.
The frilled lizard bites you.
* * * LOW HITPOINT WARNING * * *
You take 1 damage, and have 12/48 hp.
You barely miss the leopard gecko.
You are no longer berserk.
You are exhausted.
You feel yourself slow down. The leopard gecko barely misses you.
The frilled lizard bites you.
* * * LOW HITPOINT WARNING * * *
You now have 7/32 hp.
You closely miss the leopard gecko. The leopard gecko misses you.
The frilled lizard bites you but does no damage.
The leopard gecko barely misses you. The frilled lizard bites you.
* * * LOW HITPOINT WARNING * * *
You barely miss the leopard gecko. The leopard gecko closely misses you.
The leopard gecko bites you.
* * * LOW HITPOINT WARNING * * *
The frilled lizard barely misses you. The leopard gecko bites you.
* * * LOW HITPOINT WARNING * * *
The frilled lizard unfolds its giant frill.
The frilled lizard bites you.
* * * LOW HITPOINT WARNING * * *
You take 6 damage, and have 1/32 hp.
You sock the frilled lizard!
You kill the frilled lizard!
Trog accepts your kill. The leopard gecko bites you.
You die...

############# ##
............. .##
............. ..
#.##.######## .##
#.).......#######..#
#.#...###.......†#
.#.(#..........#@#
##....########.#l#
................K##
##.#.#########.#..#
#.#.# #.#..# #.#.#
#.#.... #.#.#
#........ #.#.#
#....##..# #.#..
...... #.#


You could see a leopard gecko and a kobold.

Vanquished Creatures
  2 goblins (D:1)
  4 hobgoblins (D:1)
  6 jackals (D:1)
  A ball python (D:1)
  A bat (D:1)
  A frilled lizard (D:1)
  2 kobolds (D:1)
17 creatures vanquished.

Notes
Turn   | Place    | Note
-------+----------+-------------------------------------------
     0 | D:1      | Firecrotchwizard the Ogre Berserker began the quest for the Orb.
     0 | D:1      | Reached XP level 1. HP: 24/24 MP: 1/1
   128 | D:1      | Reached XP level 2. HP: 32/32 MP: 2/2
   240 | D:1      | Reached skill level 3 in Maces & Flails
   828 | D:1      | HP: 12/48 [frilled lizard (1)]
   831 | D:1      | HP: 5/32 [leopard gecko (2)]
   831 | D:1      | HP: 2/32 [leopard gecko (3)]
   832 | D:1      | Slain by a leopard gecko

Vault maps used:
D:1:      minmay_arrival_checkered_box, palyth_stone_intersect,
          minmay_misc_feat_more_columns

Skill      XL: |  1  2 |
---------------+-------+-----
Maces & Flails | 3 |  3.1
Fighting       | |  4.3
Armour         | |  0.5
Dodging        | |  2.9

Action                   || total
-------------------------++-------
Melee: Mace              ||    95
Invok: Berserk           ||     1
Armor: Animal skin       ||    36
Dodge: Dodged            ||    70

Table legend:
 A = Spawn XP
 B = Non-spawn XP
 C = Spawn XP percentage of total XP
 D = Spawn monster count
 E = Non-spawn monster count
 F = Spawn count percentage of total count
 G = Total turns spent on level
                    A         B        C        D         E        F      G
               +---------+---------+-------+---------+---------+-------+---------
         Total |       0 |      29 |   0.0 |       0 |      17 |   0.0 |   832
               +---------+---------+-------+---------+---------+-------+---------
           D:1 |       0 |      29 |   0.0 |       0 |      17 |   0.0 |   832
               +---------+---------+-------+---------+---------+-------+---------

Vault maps used:
D:1:      minmay_arrival_checkered_box, palyth_stone_intersect,
          minmay_misc_feat_more_columns

Table legend:
 A = Turns spent in this place as a percentage of turns spent in the entire game.
 B = Non-inter-level travel turns spent in this place as a percentage of non-inter-level travel turns spent in the entire game.
 C = Inter-level travel turns spent in this place as a percentage of turns spent in this place.
 D = Turns resting spent in this place as a percentage of non-inter-level travel turns spent in this place.
 E = Turns spent auto-exploring this place as a percentage of non-inter-level travel turns spent in this place.
 F = Non-inter-level travel turns spent in this place divided by the number of levels of this place that you've seen.
                   A       B       C       D       E      F
               +-------+-------+-------+-------+-------+----------------------
         Total | 100.0 | 100.0 |   0.0 |  52.6 |  31.1 | 832.0
       Dungeon | 100.0 | 100.0 |   0.0 |  52.6 |  31.1 | 832.0
               +-------+-------+-------+-------+-------+----------------------

Table legend:
 A = Kills in this place as a percentage of kills in entire the game.
 B = Kills by you in this place as a percentage of kills by you in the entire game.
 C = Kills by friends in this place as a percentage of kills by friends in the entire game.
 D = Other kills in this place as a percentage of other kills in the entire game.
 E = Experience gained in this place as a percentage of experience gained in the entire game.
 F = Experience gained in this place divided by the number of levels of this place that you have seen.
                   A       B       C       D       E      F
               +-------+-------+-------+-------+-------+----------------------
         Total | 100.0 | 100.0 |   N/A |   N/A | 100.0 |  29.0
       Dungeon | 100.0 | 100.0 |   N/A |   N/A | 100.0 |  29.0
               +-------+-------+-------+-------+-------+----------------------
